 Dungeon Crawl Stone Soup version 0.14-a0-3472-gf2e932f (webtiles) character file.

501 KaKa the Archer (level 6, 0/47 HPs)
             Began as a Centaur Hunter on Mar 24, 2014.
             Slain by a water moccasin zombie (5 damage)
             ... on Level 5 of the Dungeon.
             The game lasted 00:17:40 (2618 turns).

KaKa the Archer (Centaur Hunter)                    Turns: 2618, Time: 00:17:40

HP   0/47        AC  7     Str 15      XL: 6   Next: 20%
MP   5/5         EV  9     Int 11      God:
Gold 184         SH  0     Dex 13      Spells:  0 memorised,  5 levels left

rFire  . . .     SeeInvis .     b - +1,+2 bow
rCold  + . .     Clarity  .     d - +0 leather armour
rNeg   . . .     Conserve .     (no shield)
rPois  .         rCorr    .     (no helmet)
rElec  .         rRot     .     (no cloak)
SustAb . .       Spirit   .     h - +1 pair of gloves {Dex+3}
rMut   .         Warding  .     (no barding)
Saprov . . .     Stasis   .     k - amulet of inaccuracy {unknown}
MR     .....                    v - +1 ring of protection
                                A - ring of protection from cold {unknown}

@: slowed, glowing, not resistant to hostile enchantments, extremely unstealthy
A: hooves 3, deformed body, herbivore 1, speed 2, fast metabolism 1, tough skin
3
a: no special abilities


You were on level 5 of the Dungeon.
You were very hungry.

You visited 1 branch of the dungeon, and saw 5 of its levels.

You collected 184 gold pieces.

Inventory:

Hand weapons
 a - a +0,+0 short sword
 b - a +1,+2 bow (weapon)
 m - a +0,+4 vampiric short sword
 y - a +0,+2 mace of draining
Missiles
 c - an arrow (quivered)
 i - 18 arrows of flame
Armour
 d - a +0 leather armour (worn)
 h - a +1 pair of gloves of dexterity (worn)
Comestibles
 f - 3 bread rations
 o - 2 apples
 z - a rotting chunk of hobgoblin flesh
 B - a rotting chunk of adder flesh
 C - a lemon
Scrolls
 g - a scroll of magic mapping {unknown}
 j - a scroll of amnesia {unknown}
 l - a scroll of teleportation
 t - a scroll of remove curse {unknown}
 w - a scroll of identify {unknown}
Jewellery
 k - an amulet of inaccuracy (around neck) {unknown}
 p - an uncursed amulet of guardian spirit
 u - an uncursed ring of see invisible {unknown}
 v - a +1 ring of protection (right hand)
 A - a ring of protection from cold (left hand) {unknown}
Potions
 e - a potion of agility {unknown}
 n - 2 potions of lignification {unknown}
 q - a potion of mutation {unknown}
 r - 3 potions of curing {unknown}
 s - a potion of degeneration {unknown}


   Skills:
 - Level 1.0 Fighting
 + Level 9.8 Bows
 - Level 1.3 Dodging
 - Level 0.5 Stealth


You had 5 spell levels left.
You didn't know any spells.

Dungeon Overview and Level Annotations

Branches:
Dungeon (5/15)
 Temple: D:4-7

Altars:
Nemelex Xobeh

Annotations:
D:4 Dowan, Duvessa


Innate Abilities, Weirdness & Mutations

You have hooves in place of feet.
Armour fits poorly on your strangely shaped body.
You digest meat inefficiently.
You cover ground very quickly.
You have a fast metabolism.
You have extremely tough skin (AC +3).


Message History

The water moccasin zombie bites you.
* * * LOW HITPOINT WARNING * * *
Firing (i - inventory. (,) - cycle):
c - 3 arrows (quivered)
Press: ? - help, Shift-Dir - straight line, f/p - water moccasin zombie
Aim: a water moccasin zombie You shoot an arrow.
The arrow hits the water moccasin zombie.
The water moccasin zombie bites you.
* * * LOW HITPOINT WARNING * * *
The water moccasin zombie bites you.
* * * LOW HITPOINT WARNING * * *
Firing (i - inventory. (,) - cycle):
c - 2 arrows (quivered)
Press: ? - help, Shift-Dir - straight line, f/p - water moccasin zombie
Aim: a water moccasin zombie You shoot an arrow.
The arrow hits the water moccasin zombie.
The water moccasin zombie bites you.
* * * LOW HITPOINT WARNING * * *
The water moccasin zombie bites you.
You die...

... #.#
#.# #.#
... #.#
#.#
#.#####.##
#@z......<
#?#####...
#.# #..
#.# #.#
#.# #.#
#.#


You could see a water moccasin zombie.

Vanquished Creatures
  A phantom (D:4)
  A crimson imp (D:4)
  An orc wizard (D:3)
  6 adders
  A giant mite (D:1)
  An inept feature mimic (D:3)
  A worm (D:2)
  2 giant geckos (D:3)
  12 orcs
  3 bats
  5 giant cockroaches
  11 hobgoblins
  A quokka (D:3)
  A ball python (D:4)
  3 giant newts
  10 goblins
  9 jackals
  8 kobolds
  7 rats
84 creatures vanquished.

Notes
Turn   | Place    | Note
--------------------------------------------------------------
     0 | D:1      | KaKa, the Centaur Hunter, began the quest for the Orb.
     0 | D:1      | Reached XP level 1. HP: 16/16 MP: 1/1
   199 | D:1      | Reached skill level 6 in Bows
   199 | D:1      | Reached XP level 2. HP: 23/23 MP: 2/2
   647 | D:2      | Reached XP level 3. HP: 19/28 MP: 3/3
   798 | D:2      | Reached skill level 7 in Bows
  1210 | D:2      | Reached XP level 4. HP: 17/35 MP: 3/3
  1626 | D:3      | Reached skill level 8 in Bows
  1935 | D:3      | Reached XP level 5. HP: 40/40 MP: 4/4
  1953 | D:3      | Found a sparkling altar of Nemelex Xobeh.
  2410 | D:4      | Reached skill level 9 in Bows
  2538 | D:4      | Noticed a phantom
  2583 | D:4      | Noticed Duvessa
  2603 | D:4      | Killed a phantom
  2603 | D:4      | Reached XP level 6. HP: 21/47 MP: 5/5
  2604 | D:4      | Noticed Dowan
  2610 | D:5      | Entered Level 5 of the Dungeon
  2618 | D:5      | Slain by a water moccasin zombie

Action                   |  1- 3 |  4- 6 || total
-------------------------+-------+-------++-------
Melee: Short sword       |    55 |    19 ||    74
       Mace              |       |    31 ||    31
 Fire: Bow               |    54 |   105 ||   159
  Use: Scroll            |     3 |       ||     3
